 Dungeon Crawl Stone Soup version 0.10.0-32-gfa280cc character file.

325 CalvinRodo the Skirmisher (level 6, -1/56 HPs)
             Began as a Naga Skald on May 8, 2012.
             Was an Initiate of Fedhas.
             Slain by a gnoll
             ... wielding a +2,+0 whip
              (2 damage)
             ... on Level 4 of the Dungeon on May 12, 2012.
             The game lasted 00:18:41 (2921 turns).

CalvinRodo the Skirmisher (Naga Skald)              Turns: 2921, Time: 00:18:41

HP  -1/56        AC  5     Str 16      XL: 6   Next: 16%
MP   9/9         EV 10     Int 12      God: Fedhas [......]
Gold 66          SH  0     Dex 11      Spells:  2 memorised,  5 levels left

Res.Fire  : . . .   See Invis. : +   a - +2 spear {=f}
Res.Cold  : . . .   Warding    : . . j - +2 leather armour
Life Prot.: . . .   Conserve   : .   (no shield)
Res.Acid. : . . .   Res.Corr.  : .   (no helmet)
Res.Poison: +       Clarity    : .   (no cloak)
Res.Elec. : .       Spirit.Shd : .   (no gloves)
Sust.Abil.: . .     Stasis     : .   (no barding)
Res.Mut.  : .       Ctrl.Telep.: .   (no amulet)
Res.Rott. : .       Levitation : .   (no ring)
Saprovore : . . .   Ctrl.Flight: .   (no ring)

@: very slow, somewhat resistant to hostile enchantments, unstealthy
A: spit poison, constrict 1, see invisible, deformed body, poison resistance,
slowness 2
a: Spit Poison, Renounce Religion


You were on level 4 of the Dungeon.
You worshipped Fedhas.
Fedhas was pleased with you.
You were not hungry.

You visited 2 branches of the dungeon, and saw 5 of its levels.

You collected 46 gold pieces.

Inventory:

Hand weapons
 a - a +2,+2 spear (weapon) {=f}
 e - a +0,+0 flail
 m - a -1,+1 orcish hand axe (quivered)
Armour
 g - a +0 orcish scale mail
 h - a +0 robe
 j - a +2 leather armour (worn)
 n - a +0 chain mail
 r - a +2 elven ring mail
Comestibles
 f - an apple
 o - a pear
Scrolls
 b - a scroll of recharging {unknown}
 i - a scroll of detect curse
 p - a scroll of amnesia {unknown}
 q - a scroll of teleportation
Potions
 d - a potion of brilliance {unknown}
 k - 3 potions of heal wounds {unknown}
 l - a potion of invisibility
Books
 c - a book of War Chants

   Spells                             Type                      Level
   *Fire Brand                        Charms/Fire                  2
   Freezing Aura                      Charms/Ice                   2
   *Shroud of Golubria                Charms/Translocation         2
   Repel Missiles                     Charms/Air                   2
   Poison Weapon                      Charms/Poison                3
   Regeneration                       Charms/Necromancy            3


   Skills:
 * Level 4.0 Fighting
 + Level 3.1 Polearms
 - Level 0.7 Armour
 * Level 3.6 Dodging
 + Level 1.7 Stealth
 + Level 0.4 Traps & Doors
 + Level 2.4 Spellcasting
 + Level 3.2 Charms
 + Level 0.2 Fire Magic


You had 5 spell levels left.
You knew the following spells:

 Your Spells              Type           Power        Failure   Level  Hunger
a - Shroud of Golubria    Chrm/Tloc      ##........   24%         2    Choko
b - Fire Brand            Fire/Chrm      ##........   24%         2    Choko

Dungeon Overview and Level Annotations

Branches:
Dungeon (4/27)             Temple (1/1) D:4

Altars:
Ashenzari
Elyvilon
Fedhas
Kikubaaqudgha
Makhleb
Okawaru
Sif Muna
The Shining One
Xom


Innate Abilities, Weirdness & Mutations

You cannot wear boots.
You can spit poison.
You can use your snake-like lower body to constrict enemies.
Your serpentine skin is tough (AC +2).
You have supernaturally acute eyesight.
Armour fits poorly on your strangely shaped body.
Your system is resistant to poisons.
You cover ground very slowly.


Message History

You puncture the gnoll. You constrict the gnoll.
You kill the gnoll!
The gnoll throws an orcish club.
The orcish club misses you. The gnoll hits you but does no damage.
The gnoll hits you with a whip.
You see here a spear.
You puncture the gnoll.
You constrict the gnoll, but do no damage.
The gnoll is moderately wounded.
The gnoll hits you from afar with a runed halberd!
* * * LOW HITPOINT WARNING * * *
The gnoll closely misses you. The gnoll hits you with a whip!
* * * LOW HITPOINT WARNING * * *
Welcome back, CalvinRodo the Naga Skald.
Fedhas says: Spread life and death.
Press ? for a list of commands and other information.
You puncture the gnoll. You constrict the gnoll.
The gnoll is heavily wounded.
The gnoll hits you but does no damage. The gnoll hits you with a whip.
You die...
Fedhas appreciates your contribution to the ecosystem.

. . .##### ######.....
#........###
#........... #.)......#
#........# .#
#..(..@g.# .#
#......g%##.####
#.......g......#
#..............#
#.......(......#
#..............########
#.......(.............(
#.......))............[
#########).............


You could see 3 gnolls.

Vanquished Creatures
  An ogre (D:4)
  2 worker ants (D:4)
  Jessica (D:2)
  Terence (D:2)
  2 adders (D:2)
  3 gnolls
  A worm (D:3)
  3 giant geckos
  An ooze (D:1)
  A ball python (D:1)
  6 bats
  5 giant cockroaches
  7 goblins
  7 hobgoblins
  4 kobolds
  6 giant newts
  3 jackals (D:4)
  A kobold skeleton (D:4)
  A quokka (D:2)
  8 rats
  A plant (D:3)
65 creatures vanquished.

Vanquished Creatures (others)
  A giant newt (D:1)
  10 toadstools
11 creatures vanquished.

Grand Total: 76 creatures vanquished

Notes
Turn   | Place    | Note
--------------------------------------------------------------
     0 | D:1      | CalvinRodo, the Naga Skald, began the quest for the Orb.
     0 | D:1      | Reached XP level 1. HP: 19/19 MP: 1/1
    42 | D:1      | Reached skill level 1 in Dodging
   166 | D:1      | Reached XP level 2. HP: 13/26 MP: 3/3
   292 | D:1      | HP: 1/26 [ooze (3)]
   607 | D:1      | Learned a level 2 spell: Shroud of Golubria
   610 | D:1      | Learned a level 2 spell: Fire Brand
  1076 | D:1      | Reached XP level 3. HP: 31/33 MP: 4/4
  1337 | D:2      | Reached skill level 1 in Stealth
  1660 | D:2      | Noticed Terence
  1670 | D:2      | Killed Terence
  1670 | D:2      | Reached XP level 4. HP: 23/40 MP: 0/6
  1878 | D:2      | Noticed Jessica
  1887 | D:2      | Killed Jessica
  1949 | D:2      | Found a burning altar of Makhleb.
  2176 | D:3      | Reached XP level 5. HP: 42/48 MP: 7/7
  2250 | D:3      | Found a blossoming altar of Fedhas.
  2285 | D:3      | Became a worshipper of Fedhas Madash
  2598 | D:4      | Found a staircase to the Ecumenical Temple.
  2608 | Temple   | Entered the Ecumenical Temple
  2808 | D:4      | Reached skill level 4 in Fighting
  2808 | D:4      | Reached XP level 6. HP: 16/56 MP: 7/9
  2920 | D:4      | HP: 1/56 [gnoll/whip (7)]
  2921 | D:4      | Slain by a gnoll
